 Dungeon Crawl Stone Soup version 0.17-a0-1691-g18a3847 (webtiles) character file.

607 ololoev the Cutter (level 7, 36/57 HPs)
             Began as a Black Draconian Chaos Knight on Aug 20, 2015.
             Quit the game on level 4 of the Dungeon.
             The game lasted 00:11:23 (4218 turns).

ololoev the Cutter (Black Draconian Chaos Knight)   Turns: 4218, Time: 00:11:23

Health: 36/57      AC: 12    Str: 14    XL:     7   Next: 19%
Magic:  7/7        EV: 12    Int: 13    God:    Xom [....*.]
Gold:   257        SH:  0    Dex: 12    Spells: 2 memorised, 2 levels left

rFire  . . .     SeeInvis .     k - +2 short sword (protect)
rCold  . . .     Clarity  .     (armour unavailable)
rNeg   . . .     SustAt   .     (no shield)
rPois  +         Gourm    .     (helmet restricted)
rElec  +         Spirit   .     (no cloak)
rCorr  .         Warding  .     c - +0 pair of gloves
rMut   .         Stasis   .     (no boots)
MR     .....                    (no amulet)
Stlth  +.........               (no ring)
                                p - ring of poison resistance

@: not resistant to hostile enchantments, very unstealthy
A: breathe lightning, unfitting armour, electricity resistance, cold-blooded, AC
+6
a: Breathe Lightning, Renounce Religion


Innate Abilities, Weirdness & Mutations

You can breathe wild blasts of lightning.
Your glossy black scales are hard (AC +6).
Your body does not fit into most forms of armour.
You are resistant to electric shocks.
You are cold-blooded and may be slowed by cold attacks.

Inventory:

Hand weapons
 k - a +2 short sword of protection (weapon)
Missiles
 o - 2 javelins
 y - 4 tomahawks of dispersal (quivered)
Armour
 c - a +0 pair of gloves (worn)
Jewellery
 p - a ring of poison resistance (left hand)
Magical devices
 m - a wand of cold (9)
 t - a wand of fire (0)
Scrolls
 a - a scroll of amnesia {unknown}
 d - 2 scrolls of identify
 e - a scroll of enchant weapon {unknown}
 f - 2 scrolls of fog {unknown}
 q - a scroll of magic mapping {unknown}
 s - a scroll of fear {unknown}
 u - a scroll of blinking {unknown}
 v - a scroll of teleportation {unknown}
 w - a scroll of immolation {unknown}
 x - a scroll of recharging {unknown}
Potions
 g - 2 potions of curing {unknown}
 h - 2 potions of haste {unknown}
 i - a potion of magic {unknown}
 j - a potion of brilliance {unknown}
 r - a potion of agility {unknown}
Comestibles
 b - 4 bread rations
 l - 3 beef jerkies
 n - 2 meat rations
 z - 4 chunks of flesh


   Skills:
 - Level 3.2 Fighting
 * Level 7.4 Short Blades
 + Level 3.2 Throwing
 - Level 2.1 Dodging


You had 2 spell levels left.
You knew the following spells:

 Your Spells              Type           Power        Failure   Level  Hunger
a - Apportation           Tloc           #.........   30%         1    ##.....
b - Tukima's Dance        Hex            #.......     86%         3    ####...


You were on level 4 of the Dungeon.
You worshipped Xom.
You were a beloved toy of Xom.
You were not hungry.

You visited 2 branches of the dungeon, and saw 5 of its levels.

You collected 257 gold pieces.

##### ######... .# ### #....#.#
.# ##.###......# .#
############...#.......#####.# #
#..........................#.#
####.###
######...#.......###.#.#
.......# ##.###......###.#.#
####.#.# #@# #....#.......# #
#....# #!# #....#####.### #
#.#..# #†# ###### #.# # #....#
... #.# ###.##.# ..... ####.#
.......## ....... ##.##.#
###.#...####.........####...#.#
.........).+.........+..[.....##
###.#...####.......$.####......#

Notes
Turn   | Place    | Note
--------------------------------------------------------------
     0 | D:1      | ololoev the Draconian Chaos Knight began the quest for the Orb.
     0 | D:1      | Reached XP level 1. HP: 19/19 MP: 1/1
    14 | D:1      | XOM: silly message
    93 | D:1      | Reached XP level 2. HP: 5/26 MP: 2/2
   524 | D:1      | XOM: harmless Trmt miscast
   781 | D:1      | XOM: harmless Hex miscast
   803 | D:2      | Reached skill level 4 in Short Blades
  1141 | D:2      | Reached XP level 3. HP: 21/31 MP: 3/3
  1430 | D:2      | XOM: mild Trmt miscast
  1460 | D:2      | XOM: mild Erth miscast
  1927 | D:2      | Reached XP level 4. HP: 29/38 MP: 4/4
  2011 | D:2      | XOM: confusion
  2023 | D:2      | Reached skill level 5 in Short Blades
  2931 | D:3      | Noticed a giant frog
  2938 | D:3      | Killed a giant frog
  2938 | D:3      | Reached skill level 1 in Throwing
  2938 | D:3      | Reached XP level 5. HP: 45/45 MP: 5/5
  3058 | D:3      | XOM: fog
  3071 | D:3      | Reached skill level 6 in Short Blades
  3240 | D:3      | Noticed Robin
  3295 | D:2      | Killed Robin
  3436 | D:3      | Found a burning altar of Makhleb.
  3469 | D:3      | XOM: god gift: beef jerky
  3472 | D:3      | Found a shadowy altar of Dithmenos.
  3480 | D:3      | Reached XP level 6. HP: 51/51 MP: 6/6
  3726 | D:4      | Found a glowing golden altar of the Shining One.
  3908 | D:4      | Found a staircase to the Ecumenical Temple.
  3924 | Temple   | Entered the Ecumenical Temple
  3963 | D:4      | Found a radiant altar of Vehumet.
  3963 | D:4      | XOM: 1-stop teleportation journey
  4008 | D:4      | Learned a level 1 spell: Apportation
  4012 | D:4      | Learned a level 3 spell: Tukima's Dance
  4207 | D:4      | Noticed Grinder
  4217 | D:4      | Killed Grinder
  4217 | D:4      | Reached skill level 7 in Short Blades
  4217 | D:4      | Your scales start taking on a glossy black colour.
  4217 | D:4      | Gained mutation: You are resistant to electric shocks. [Black Draconian growth]
  4217 | D:4      | Reached XP level 7. HP: 36/57 MP: 7/7
  4218 | D:4      | Quit the game

Dungeon Overview and Level Annotations

Branches:
Dungeon (4/15)             Temple (1/1) D:4

Altars:
Ashenzari
Dithmenos
Elyvilon
Fedhas
Kikubaaqudgha
Makhleb
Vehumet
Xom
Yredelemnul
The Shining One


Message History

The iguana hisses angrily.
Unknown command.
Evoke which item? (* to show all) (? for menu, Esc to quit)
Zapping:
t - a wand of fire (1)
Press: ? - help, Shift-Dir - straight line, f - Grinder
Aim: Grinder (heavily wounded)
The bolt of fire hits Grinder.
Grinder is severely wounded.
The bolt of fire hits the iguana.
The iguana is almost dead.
This wand has 0 charges left.
Grinder gestures at you. Pain shoots through your body!
Evoke which item? (* to show all) (? for menu, Esc to quit)
Zapping:
m - a wand of cold (10)
Press: ? - help, Shift-Dir - straight line, f/p - Grinder
Aim: Grinder (severely wounded)
The bolt of cold hits Grinder.
Grinder resists.
Grinder is almost dead.
The bolt of cold hits the iguana.
You kill the iguana!
This wand has 9 charges left.
Grinder hits you but does no damage.
You barely miss Grinder.
Grinder is almost dead.
Grinder gestures at you. Pain shoots through your body!
You hit Grinder. You tail-slap Grinder.
Grinder is almost dead.
Grinder says, "There's only one good use for a tongue: cutting it out."
Grinder closely misses you.
You hit Grinder.
You kill Grinder!
Your Short Blades skill increases to level 7!
Your Throwing skill increases to level 3!
You have reached level 7!
Your scales start taking on a glossy black colour.
You feel insulated.
Quiver which item? (- for none, * to show all) (? for menu, Esc to quit)
Quivering
y - 4 tomahawks of dispersal for throwing.
Are you sure you want to abandon this character and quit the game? (Confirm with "yes".)

There were no monsters in sight!

Vanquished Creatures
  Grinder (D:4)
  A giant frog (D:3)
  An orc priest (D:3)
  An orc wizard (D:4)
  2 hounds (D:4)
  An iguana (D:4)
  Robin (D:2)
  8 adders
  A white imp (D:4)
  2 oozes (D:3)
  A worm (D:2)
  4 giant geckos
  10 orcs
  4 bats
  5 giant cockroaches
  7 hobgoblins
  10 kobolds
  A ball python (D:2)
  A giant gecko skeleton (D:4)
  6 giant newts
  17 goblins
  4 goblin zombies (D:4)
  5 hobgoblin zombies (D:4)
  3 jackals (D:3)
  A kobold skeleton (D:4)
  2 quokkas (D:4)
  A quokka skeleton (D:4)
  6 rats
107 creatures vanquished.

Action                   |  1- 3 |  4- 6 |  7- 9 || total
-------------------------+-------+-------+-------++-------
Melee: Short sword       |   117 |   238 |       ||   355
Throw: Javelin           |       |     8 |       ||     8
Evoke: Wand              |       |     3 |       ||     3
  Use: Scroll            |       |     2 |       ||     2
 Stab: Sleeping          |       |     3 |       ||     3
  Eat: Chunk             |     3 |     8 |       ||    11

Vault maps used:
D:1:      minmay_arrival_four_circles, corexii_corridor_pit
D:2:      wad_lake_hut
D:3:      kennysheep_goblin_castle, lemuel_round_altar, lemuel_crystal_altar
D:4:      overflow_temple_1_default, nicolae_tso_besieged_by_evil,
          minmay_temple_entry_glass, uniq_grinder
Temple:   nicolae_temple_no_exploring_needed
